 Dungeon Crawl Stone Soup version 0.27-a0-1299-g1ab19c6527 (webtiles) character file.

Game seed: 1407417628252367052

600 razgard the Cleaver (level 7, -4/59 HPs)
             Began as a Hill Orc Monk on June 17, 2021.
             Was a Believer of Hepliaklqana.
             Killed from afar by an acid dragon (7 damage)
             ... with a splash of acid
             ... on level 5 of the Dungeon.
             The game lasted 00:09:30 (6043 turns).

razgard the Cleaver (Hill Orc Monk)                 Turns: 6043, Time: 00:09:30

Health: -4/59      AC:  5    Str: 16    XL:     7   Next: 41%
Magic:  16/16      EV: 10    Int: 16    God:    Hepliaklqana [**....]
Gold:   144        SH:  0    Dex: 13    Spells: 6/6 levels left

rFire    . . .     SeeInvis .   a - +0 hand axe
rCold    . . .     Faith    .   (no shield)
rNeg     . . .     Spirit   .   r - +0 scale mail
rPois    .         Reflect  .   g - +0 helmet
rElec    .         Harm     .   (no cloak)
rCorr    .         Rampage  .   d - +1 pair of gloves
Will     .....                  (no boots)
Stlth    ..........             (no amulet)
HPRegen  0.19/turn              h - +6 ring of intelligence
MPRegen  0.15/turn              u - ring of magical power

@: corroded
A: reduced essence
a: Renounce Religion, Recall Ancestor, Ancestor Identity


You were on level 5 of the Dungeon.
You worshipped Hepliaklqana.
Hepliaklqana was pleased with you.
You visited 1 branch of the dungeon, and saw 5 of its levels.

You collected 144 gold pieces.

Inventory:

Hand Weapons
 a - a +0 hand axe (weapon)
Armour
 d - a +1 pair of gloves (worn)
 g - a +0 helmet (worn)
 r - a +0 scale mail (worn)
Jewellery
 h - a +6 ring of intelligence (left hand)
 j - a ring of fire
 u - a ring of magical power (right hand)
Wands
 e - a wand of digging (2)
Scrolls
 b - 5 scrolls of identify {unknown}
 i - a scroll of fog {unknown}
 l - a scroll of vulnerability {unknown}
 n - 2 scrolls of magic mapping {unknown}
 q - a scroll of enchant weapon {unknown}
 t - a scroll of blinking {unknown}
Potions
 f - a potion of haste


   Skills:
 + Level 7.5 Fighting
 + Level 8.2 Axes
 - Level 2.4 Dodging
 - Level 1.5 Stealth


You had 6 spell levels left.
You didn't know any spells.
Your spell library contained the following spells:

 Spells                   Type           Power      Damage    Failure   Level
 Animate Skeleton         Necr           0%         N/A       67%         1
 Pain                     Necr           0%         1d4       67%         1
 Vampiric Draining        Necr           0%         2d6       96%         3
 Animate Dead             Necr           0%         N/A       100%        4
 Agony                    Necr           0%         N/A       100%        5


Dungeon Overview and Level Annotations

Branches:
Dungeon (5/15)
 Temple: D:4-7

Altars:
Dithmenos
Hepliaklqana


Message History

The acid dragon misses you. The acid dragon closely misses you.
It was a potion of attraction.
You feel attractive to monsters.
The acid dragon bites you but does no damage.
The acid dragon claws you.
* * * LOW HITPOINT WARNING * * *
It was a potion of cancellation.
You feel strangely stable.
Your magical effects are unravelling.
You feel magically purged.
You are no longer corroded.
The acid dragon bites you.
* * * LOW HITPOINT WARNING * * *
The acid dragon claws you but does no damage.
You feel less attractive to monsters.
It was a potion of heal wounds.
You feel much better. The acid dragon bites you.
The acid dragon claws you but does no damage.
As you read the scroll of teleportation, it crumbles to dust.
You feel strangely unstable. The acid dragon closely misses you.
The acid dragon barely misses you.
You hit the acid dragon.
The acid dragon is lightly wounded.
You closely miss the acid dragon.
The acid dragon is lightly wounded.
The acid dragon spits acid at you. The splash of acid hits you!
* * * LOW HITPOINT WARNING * * *
The acid corrodes you!
You are splashed with acid!
* * * LOW HITPOINT WARNING * * *
You hear an angry hiss.
Your surroundings seem slightly different.
Found a shiny brass wand and 11 gold pieces.
An adder comes into view.
The adder hisses angrily.
Found a chain mail.
Found a stone staircase leading down.
Found a falchion.
The acid dragon spits acid at you. The splash of acid hits you!
You die...

....# #.##.....#
###.## #.##.....#
#. #.##.....###
##.##.......#
####...####..#.#
...$...........#
####...##.#.####
.######.## #.#.#
)......@# #.#..
.#####..# #D###.
#..# #ยง# .# #..#
#.# #
###..####.###$#
#../SD..D.....#
.....#..####.#####
######..# #.# #..#
#.#


You could see an acid dragon (catching breath) and an adder.

Vanquished Creatures
  A centaur skeleton (D:4)
  An iguana (D:5)
  3 gnolls
  3 adders
  A worm (D:2)
  A dart slug (D:1)
  An orc (D:3)
  3 bats
  3 endoplasms (D:2)
  2 giant cockroaches
  2 hobgoblins (D:2)
  17 jackals
  5 kobolds
  A quokka (D:2)
  4 ball pythons
  6 frilled lizards
  5 goblins
  8 rats
67 creatures vanquished.

Vanquished Creatures (collateral kills)
  Sigmund (D:3)
  A water moccasin (D:5)
  An ice beast (D:3)
  A hound (D:4)
  An iguana (D:4)
  An adder (D:4)
  An orc (D:4)
  A hobgoblin (D:3)
  A jackal (D:3)
  A bat (D:3)
  A kobold (D:4)
11 creatures vanquished.

Vanquished Creatures (others)
  A battlemage (D:5)
1 creature vanquished.

Grand Total: 79 creatures vanquished

Notes
Turn   | Place    | Note
-------+----------+-------------------------------------------
     0 | D:1      | razgard the Hill Orc Monk began the quest for the Orb.
     0 | D:1      | Reached XP level 1. HP: 19/19 MP: 1/1
   640 | D:1      | Reached XP level 2. HP: 27/27 MP: 2/2
  1085 | D:1      | Reached XP level 3. HP: 34/34 MP: 3/3
  1467 | D:2      | Reached skill level 5 in Axes
  1750 | D:2      | Reached XP level 4. HP: 39/41 MP: 4/4
  2556 | D:3      | Noticed Sigmund
  2564 | D:2      | Reached skill level 5 in Fighting
  4061 | D:3      | Noticed an ice beast
  4086 | D:3      | HP: 2/42 [ice beast (11)]
  4589 | D:3      | Found a hazy altar of Hepliaklqana.
  4590 | D:3      | Found a shadowy altar of Dithmenos.
  4592 | D:3      | Noticed a shadow
  4603 | D:3      | Became a worshipper of Hepliaklqana the Forgotten
  4603 | D:3      | Reached * piety under Hepliaklqana
  4603 | D:3      | Reached ** piety under Hepliaklqana
  4604 | D:3      | Remembered your ancestor Amenemopet as a battlemage
  4698 | D:3      | Killed an ice beast
  4699 | D:3      | Reached skill level 6 in Axes
  4699 | D:3      | Reached XP level 5. HP: 45/45 MP: 5/5
  4715 | D:3      | Killed Sigmund
  4716 | D:3      | Reached skill level 7 in Axes
  4716 | D:3      | Reached XP level 6. HP: 52/52 MP: 6/6
  5386 | D:4      | Reached XP level 7. HP: 59/59 MP: 7/7
  5859 | D:5      | Entered Level 5 of the Dungeon
  6020 | D:5      | Reached skill level 8 in Axes
  6028 | D:5      | HP: 2/59 [acid dragon (6)]
  6043 | D:5      | Killed from afar by an acid dragon

Illustrated notes

Levels and vault maps discovered:
D:1:      shiori_arrival_elements, layout_basic
D:2:      layout_basic
D:3:      minmay_inner_zag, layout_loops_cross,
          riverfiend_overflow_shadow_ancestor, minivault_25, uniq_sigmund
D:4:      layout_gridville
D:5:      layout_loops_ring, uniq_pikel

Skill      XL: |  1  2  3  4  5  6  7 |
---------------+----------------------+-----
Fighting       | 4 5 6 7 |  7.5
Axes           | 5 6 7 8 |  8.2
Dodging        | |  2.4
Stealth        | |  1.5

Action                   |  1- 3 |  4- 6 |  7- 9 || total
-------------------------+-------+-------+-------++-------
Melee: Hand axe          |   112 |   141 |    22 ||   275
Invok: Ancestor Life: Ba |       |     1 |       ||     1
Evoke: Wand              |       |     3 |       ||     3
  Use: Potion            |     2 |     2 |     5 ||     9
       Scroll            |       |       |     3 ||     3
 Stab: Sleeping          |     2 |     3 |       ||     5
       Invisible         |       |     1 |       ||     1
       Distracted        |       |       |     1 ||     1
Armor: Robe              |    21 |       |       ||    21
       Leather armour    |    18 |    43 |       ||    61
       Scale mail        |       |    11 |     6 ||    17
Dodge: Dodged            |    71 |    94 |    17 ||   182

Table legend: (Time is in decaauts)
 A = Elapsed time spent in this place.
 B = Non-inter-level travel time spent in this place.
 C = Inter-level travel time spent in this place.
 D = Time resting spent in this place.
 E = Time spent auto-exploring this place.
 F = Levels seen in this place.
 G = Mean time per level.
                   A        B        C        D        E       F      G
               +--------+--------+--------+--------+--------+-----+--------+
         Total |   6020 |   5719 |    301 |   1655 |   3168 |   5 | 1204.0 |
       Dungeon |   6020 |   5719 |    301 |   1655 |   3168 |   5 | 1204.0 |
               +--------+--------+--------+--------+--------+-----+--------+

Top non-repeatable levels by time:
     D:2: 2612 daAuts
     D:3: 1361 daAuts
     D:1: 1271 daAuts
     D:4: 592 daAuts
     D:5: 182 daAuts
